 Dungeon Crawl Stone Soup version 0.31.0-32-g396128a36d (webtiles) character file.

Game seed: 14964582705249134386

1278 Alphaeus the Ruffian (level 8, -2/78 HPs)
             Began as a Troll Shapeshifter on Mar 21, 2024.
             Was an Initiate of the Shining One.
             Succumbed to a gnoll sergeant's poison
             ... on level 6 of the Dungeon.
             The game lasted 00:05:04 (4544 turns).

Alphaeus the Ruffian (Troll Shapeshifter)           Turns: 4544, Time: 00:05:05

Health: -2/78      AC:  4    Str: 29    XL:     8   Next: 29%
Magic:  7/7        EV:  9    Int:  8    God:    the Shining One [......]
Gold:   221        SH:  0    Dex:  9    Spells: 7/7 levels left

rFire   + .          .
                       - Unarmed
rCold   + . .        (no shield)
rNeg    . . .        a - +0 animal skin
rPois   +            (helmet currently unavailable)
rElec   +            (cloak currently unavailable)
rCorr   +            (gloves unavailable)
SInv    .            (boots unavailable)
Will    .....        (no amulet)
Stlth   +            m - +6 ring of strength
HPRegen 1.13/turn    i - ring of resist corrosion
MPRegen 0.10/turn

%: no passive effects
@: lethally poisoned (-2 -> -14), beast-form, resistant, glowing
A: beast (slay +3), large, unfitting armour, claws 3, regeneration 1, shaggy fur
1, tough skin 1
a: Begin Untransformation, Renounce Religion


You were on level 6 of the Dungeon.
You worshipped the Shining One.
The Shining One was noncommittal.
You were a hulking beast.
You visited 2 branches of the dungeon, and saw 7 of its levels.
You also visited: Sewer.

You collected 221 gold pieces.

Inventory:

Armour
 a - a +0 animal skin (worn)
Jewellery
 i - a ring of resist corrosion (right claw)
 m - a +6 ring of strength (left claw)
 y - an amulet of guardian spirit
 A - a +6 ring of intelligence
Talismans
 c - a beast talisman
 d - a flux talisman
Wands
 t - a wand of quicksilver (6)
 w - a wand of flame (5)
 z - a wand of paralysis (8)
Scrolls
 e - 3 scrolls of poison {unknown}
 f - 2 scrolls of immolation {unknown}
 g - 3 scrolls of teleportation {unknown}
 h - 4 scrolls of identify {unknown}
 o - a scroll of vulnerability {unknown}
 p - 2 scrolls of enchant weapon {unknown}
 B - a scroll of brand weapon {unknown}
 C - a scroll of torment {unknown}
Potions
 b - a potion of lignification
 j - a potion of curing {unknown}
 k - a potion of enlightenment
 l - a potion of might {unknown}
 n - 2 potions of attraction
 r - a potion of resistance
 s - a potion of haste {unknown}
 u - a potion of cancellation {unknown}
 v - a potion of brilliance {unknown}
 x - a potion of magic {unknown}
 D - a potion of berserk rage {unknown}


   Skills:
 + Level 3.6 Fighting
 - Level 1.5 Dodging
 * Level 7.0 Unarmed Combat
 * Level 6.5 Shapeshifting


You had 7 spell levels left.
You didn't know any spells.
Your spell library contained the following spells:

 Spells                   Type           Power      Damage    Failure   Level
 Foxfire                  Conj/Fire      0%         2x1d4     41%         1
 Call Canine Familiar     Summ           0%         N/A       78%         3
 Sigil of Binding         Hex            0%         N/A       78%         3
 Dimensional Bullseye     Hex/Tloc       0%         N/A       99%         4
 Plasma Beam              Fire/Air       0%         2x1d10    100%        6
 Starburst                Conj/Fire      0%         6d3       100%        6


Dungeon Overview and Level Annotations

Branches:
Dungeon (6/15)             Temple (1/1) D:5           Sewer (visited)

Altars:
Ashenzari
Cheibriados
Elyvilon
Hepliaklqana
Kikubaaqudgha
Okawaru
Ru
Sif Muna
Trog
Uskayaw
Wu Jian
Zin
The Shining One


Innate Abilities, Weirdness & Mutations

You are a hulking beast.
Your limbs bulge with bestial killing power. (Slay +3)
You are too large for most types of armour.
You have claws for hands.
Your natural rate of healing is unusually fast.
You are covered in fur. (AC +1)
You have tough skin. (AC +1)


Message History

You feel very sick. The gnoll barely misses you.
The gnoll sergeant hits you with a +2 spear of venom.
You see here a +0 whip.
You claw the gnoll!
The gnoll is severely wounded.
You feel sick. The gnoll hits you with a +4 halberd!
The gnoll sergeant hits you with a +2 spear of venom.
You are more poisoned.
You claw the gnoll!
You kill the gnoll!
You feel very sick. The gnoll sergeant closely misses you.
You scratch the gnoll sergeant but do no damage.
You feel very sick.
You claw the gnoll sergeant!
The gnoll sergeant is moderately wounded.
You feel sick.
The gnoll sergeant hits you with a +2 spear of venom!
* * * LOW HITPOINT WARNING * * *
You are more poisoned.
You barely miss the gnoll sergeant.
The gnoll sergeant is moderately wounded.
You feel very sick.
The gnoll sergeant hits you with a +2 spear of venom!
* * * LOW HITPOINT WARNING * * *
You feel much better.
You feel very sick.
The gnoll sergeant hits you with a +2 spear of venom!
* * * LOW HITPOINT WARNING * * *
You are lethally poisoned!
It was a potion of resistance.
You feel protected.
* * * LOW HITPOINT WARNING * * *
You feel very sick.
The gnoll sergeant hits you with a +2 spear of venom!
* * * LOW HITPOINT WARNING * * *
You claw the gnoll sergeant!
The gnoll sergeant is almost dead.
You die...

#.. ..# #..
..## #..##...
......# .....
... #S#
#.##g######
#..))h.<.$#
#...##.####.#
#.# #.# # #
#.# #.. ###


You could see a gnoll sergeant and an adder.

Vanquished Creatures
  Grinder (Sewer)
  Menkaure (D:5)
  An ice beast (D:5)
  A phantom (D:5)
  3 necrophages (Sewer)
  A scorpion (D:5)
  2 bombardier beetles (D:5)
  A hound (D:4)
  Crazy Yiuf (D:2)
  A jelly (D:5)
  2 iguanas (D:5)
  2 orc wizards (D:3)
  12 gnolls
  5 adders
  A river rat (D:3)
  4 shadow imps (Sewer)
  2 ufetubi (Sewer)
  3 dart slugs (D:2)
  4 ribbon worms
  4 orcs (D:3)
  9 ball pythons
  6 bats
  5 endoplasms
  3 giant cockroaches
  15 goblins
  14 hobgoblins
  3 jackals (D:3)
  16 kobolds
  3 quokkas
  10 frilled lizards
  9 rats
145 creatures vanquished.

Notes
Turn   | Place    | Note
-------+----------+-------------------------------------------
     0 | D:1      | Alphaeus the Troll Shapeshifter began the quest for the
                  | Orb.
     0 | D:1      | Reached XP level 1. HP: 18/18 MP: 0/0
    86 | D:1      | Reached skill level 1 in Fighting
    87 | D:1      | Reached XP level 2. HP: 27/27 MP: 1/1
   714 | D:2      | Reached XP level 3. HP: 25/33 MP: 2/2
  1004 | D:2      | Found a runed translucent door.
  1005 | D:2      | Noticed Crazy Yiuf
  1081 | D:2      | Reached XP level 4. HP: 41/41 MP: 3/3
  1222 | D:2      | Reached skill level 4 in Unarmed Combat
  1285 | D:2      | Found a bloodstained altar of Trog.
  1378 | D:2      | Killed Crazy Yiuf
  1514 | D:3      | Reached XP level 5. HP: 46/49 MP: 4/4
  1521 | D:3      | Found a glowing drain.
  1532 | Sewer    | Entered a sewer
  1632 | Sewer    | Found an ancient bone altar of Kikubaaqudgha.
  1669 | Sewer    | Noticed Grinder
  1684 | Sewer    | Killed Grinder
  1685 | Sewer    | Reached skill level 5 in Unarmed Combat
  1685 | Sewer    | Reached skill level 5 in Shapeshifting
  1685 | Sewer    | Reached XP level 6. HP: 47/59 MP: 5/5
  1721 | Sewer    | Reached XP level 7. HP: 49/66 MP: 6/6
  2160 | D:3      | Identified the +6 flail of the Riding Messenger {heavy,
                  | Will+ Str+3}
  2391 | D:3      | Found an iron altar of Okawaru.
  2624 | D:4      | Found a sacrificial altar of Ru.
  3050 | D:4      | Reached skill level 6 in Unarmed Combat
  3341 | D:5      | Entered Level 5 of the Dungeon
  3512 | D:5      | Found a staircase to the Ecumenical Temple.
  3635 | Temple   | Entered the Ecumenical Temple
  3643 | Temple   | Became a worshipper of the Shining One
  3804 | D:5      | Found a snail-covered altar of Cheibriados.
  3813 | D:5      | Reached XP level 8. HP: 70/75 MP: 7/7
  4048 | D:5      | Noticed Menkaure
  4070 | D:5      | Killed Menkaure
  4360 | D:5      | Reached skill level 7 in Unarmed Combat
  4543 | D:6      | HP: 2/78 [gnoll sergeant/+2 spear of venom (10)]
  4544 | D:6      | Succumbed to a gnoll sergeant's poison

Illustrated notes

Levels and vault maps discovered:
D:1:      minmay_arrival_nine_rooms, layout_loops_ring, hangedman_decor_lopped,
          minmay_misc_feat_rugged
D:2:      kennysheep_the_goblin_king, layout_loops_ring, basic_altar,
          minmay_pentomino_s4, uniq_crazy_yiuf_cottage
D:3:      layout_loops_ring, mainiacjoe_overflow_surrounded_room,
          serial_aquarium, aquarium_bridge_square [aquarium_subvault_balcony,
          aquarium_subvault_bridge, aquarium_subvault_bridge,
          aquarium_subvault_bridge], aquarium_bridge_square
          [aquarium_subvault_bridge, aquarium_subvault_wall,
          aquarium_subvault_wall, aquarium_subvault_bridge], aquarium_window_3,
          aquarium_window_fake, aquarium_window_corner, aquarium_view_2d,
          aquarium_view_2a, aquarium_balcony_5b, portal_sewer_entry_e
D:4:      layout_loops_ring, nicolae_ru_sacrificial_ziggurat, chequers_avenue
D:5:      layout_basic, cheibriados_altar_1, minmay_temple_entry_mist,
          uniq_menkaure
D:6:      layout_loops_ring, overflow_temple_1_default, uniq_edmund,
          uniq_eustachio
Temple:   eino_temple_lava

Skill      XL: |  1  2  3  4  5  6  7  8 |
---------------+-------------------------+-----
Fighting       | 1 2 3 |  3.6
Unarmed Combat | 4 5 6 7 |  7.0
Shapeshifting  | 4 5 6 |  6.5
Dodging        | |  1.5

Action                     |  1- 3 |  4- 6 |  7- 9 || total
---------------------------+-------+-------+-------++-------
  Melee: Unarmed           |   107 |   110 |   118 ||   335
         Punch             |     2 |     3 |     4 ||     9
    Use: Potion            |       |       |     6 ||     6
   Stab: Sleeping          |     1 |       |       ||     1
 Armour: Animal skin       |    75 |    93 |    78 ||   246
         Skin              |       |       |    30 ||    30
  Dodge: Dodged            |    53 |    62 |    40 ||   155
